[Event "Team 45 45 League T37"]
[Site "Internet Chess Club"]
[Date "2008.06.08"]
[Round "6"]
[White "AlterEgo"]
[Black "Ernie1"]
[Result "0-1"]
[WhiteElo "1602"]
[BlackElo "1702"]
[Opening "English: Caro-Kann defensive system"]
[ECO "D13"]
[Time "08:00:18"]
[TimeControl "2700+45"]

1. c4 c6 2. Nc3 d5 3. cxd5 cxd5 4. d4 Nf6 5. Nf3 Nc6 6. Bg5 Ne4 7. Rc1 Nxg5 8.
Nxg5 h6 9. Nf3 Bg4 10. e3 e6 11. Bd3 e5 12. dxe5 Nxe5 13. Bb5+ Nc6 14. Qxd5 Qxd5
15. Nxd5 Rc8 16. Ne5 Be6 17. Nf4 Bxa2 18. Ra1 Bb4+ 19. Ke2 Bb3 20. Rxa7 O-O 21.
Nxc6 bxc6 22. Bd3 Rfd8 23. Ba6 Rd2+ 24. Kf3 Rcd8 25. Rb7 c5 26. Be2 {White
resigns} 0-1

[Event "Team 45 45 League T37"]
[Site "Internet Chess Club"]
[Date "2008.05.30"]
[Round "6"]
[White "Warpdrive"]
[Black "nanning"]
[Result "1/2-1/2"]
[WhiteElo "1695"]
[BlackElo "1583"]
[Opening "Ruy Lopez: closed, Flohr-Zaitsev system (Lenzerheide variation)"]
[ECO "C92"]
[Time "14:51:41"]
[TimeControl "2700+45"]

1. e4 e5 2. Nf3 Nc6 3. Bb5 a6 4. Ba4 Nf6 5. O-O Be7 6. Re1 b5 7. Bb3 d6 8. c3
O-O 9. h3 Bb7 10. d4 Re8 11. Bg5 Nxe4 12. Bxe7 Nxe7 13. dxe5 d5 14. Nbd2 Ng6 15.
Bc2 Nxe5 16. Bxe4 dxe4 17. Nxe4 Qxd1 18. Raxd1 Bxe4 19. Rxe4 Nxf3+ 20. gxf3 Kf8
21. Kf1 c5 22. Rd5 Rxe4 23. fxe4 c4 24. f4 Ke7 25. Kf2 g6 26. Ke3 Rc8 27. a3 Rc6
28. Re5+ Kd7 29. Rd5+ Ke6 30. Re5+ Kd7 31. Kd4 f6 {Game drawn by mutual
agreement} 1/2-1/2

[Event "Team 45 45 League T37"]
[Site "Internet Chess Club"]
[Date "2008.05.29"]
[Round "6"]
[White "Despair"]
[Black "matein7"]
[Result "1-0"]
[WhiteElo "1967"]
[BlackElo "1906"]
[Opening "Benko's opening"]
[ECO "A00"]
[Time "09:00:22"]
[TimeControl "2700+45"]

1. g3 d5 2. Bg2 Nf6 3. d4 Bg4 4. h3 Bf5 5. Nc3 e6 6. Bd2 c5 7. e3 Nc6 8. Nge2
Be7 9. dxc5 Bxc5 10. O-O O-O 11. a3 Rc8 12. b4 Bd6 13. Nb5 Bb8 14. Rc1 e5 15.
Nbc3 Qd7 16. Kh2 h5 17. Nxd5 Ne4 18. Nec3 Nd6 19. Qxh5 Nc4 20. Qh4 Nxa3 21. e4
Bg6 22. Nf6+ gxf6 23. Nd5 {Black resigns} 1-0

[Event "Team 45 45 League T37"]
[Site "Internet Chess Club"]
[Date "2008.06.02"]
[Round "6"]
[White "markgravitygood"]
[Black "Aces"]
[Result "1/2-1/2"]
[WhiteElo "1791"]
[BlackElo "1784"]
[Opening "French: King's Indian attack"]
[ECO "C00"]
[Time "20:02:11"]
[TimeControl "2700+45"]

1. e4 e6 2. d3 d5 3. Nd2 c5 4. g3 Nc6 5. Bg2 Nf6 6. Ngf3 Bd6 7. O-O O-O 8. Re1
Qc7 9. Qe2 dxe4 10. dxe4 e5 11. c3 Bg4 12. h3 Bh5 13. g4 Bg6 14. Nh4 a6 15. Nf1
b5 16. Ng3 c4 17. Nhf5 Bc5 18. h4 Rad8 19. Bg5 Rd3 20. Bxf6 Bxf5 21. Bxg7 Rxg3
22. Bxf8 Bxg4 23. Bxc5 Rxg2+ 24. Kxg2 Bxe2 25. Rxe2 Nd8 26. Be3 Qd7 27. f3 Qe7
28. Kg3 Ne6 29. Rg1 h5 30. Reg2 Kh7 31. Rd1 Qf6 32. Rf2 Nf4 33. Bxf4 Qxf4+ 34.
Kh3 Qe3 35. Rdd2 a5 36. Kg3 Qf4+ 37. Kh3 Qe3 38. Kg3 {Game drawn by mutual
agreement} 1/2-1/2

[Event "Team 45 45 League T37"]
[Site "Internet Chess Club"]
[Date "2008.06.01"]
[Round "6"]
[White "BigH"]
[Black "Lazerpawn"]
[Result "1-0"]
[WhiteElo "1702"]
[BlackElo "1648"]
[Opening "King's Indian: Kazakh variation"]
[ECO "E91"]
[Time "10:53:21"]
[TimeControl "2700+45"]

1. d4 Nf6 2. c4 g6 3. Nc3 Bg7 4. Nf3 d6 5. e4 O-O 6. Be2 Na6 7. Be3 c5 8. d5 Nc7
9. O-O e5 10. h3 Nd7 11. Qd2 Re8 12. Bh6 Nf8 13. Nh2 f5 14. exf5 Bxf5 15. Bg4
Qh4 16. Bg5 Bh6 17. Bxh6 Re7 18. Bg5 {Black resigns} 1-0

[Event "Team 45 45 League T37"]
[Site "Internet Chess Club"]
[Date "2008.05.29"]
[Round "6"]
[White "pestka"]
[Black "Chessrascal"]
[Result "1/2-1/2"]
[WhiteElo "2235"]
[BlackElo "2144"]
[Opening "King's Indian: orthodox, Aronin-Taimanov variation (Yugoslav attack / Mar del Plata variation)"]
[ECO "E97"]
[Time "09:02:24"]
[TimeControl "2700+45"]

1. d4 Nf6 2. c4 g6 3. Nc3 Bg7 4. e4 d6 5. Be2 O-O 6. Nf3 e5 7. O-O Nc6 8. Be3
Ng4 9. Bg5 f6 10. Bh4 Nh6 11. d5 Ne7 12. Nd2 g5 13. Bg3 f5 14. exf5 Nhxf5 15.
Bh5 Bd7 16. Nde4 h6 17. c5 Be8 18. Rc1 Bg6 19. cxd6 cxd6 20. Bxg6 Nxg6 21. Qb3
Qd7 22. f3 Nf4 23. Bf2 Nd3 24. Rcd1 Nf4 25. Qb5 Qe7 26. Qb4 Rad8 27. Kh1 h5 28.
Bxa7 g4 29. fxg4 hxg4 30. Bf2 Qf7 31. Ng3 Nh4 32. Nce2 Nhxg2 33. Nxf4 Nxf4 34.
Be3 Bh6 35. Qe4 {Game drawn by mutual agreement} 1/2-1/2

[Event "Team 45 45 League T37"]
[Site "Internet Chess Club"]
[Date "2008.05.31"]
[Round "6"]
[White "HocusPocus"]
[Black "eurander"]
[Result "0-1"]
[WhiteElo "1992"]
[BlackElo "2160"]
[Opening "Caro-Kann defense"]
[ECO "B12"]
[Time "07:17:19"]
[TimeControl "2700+45"]

1. e4 c6 2. d4 d5 3. Bd3 dxe4 4. Bxe4 Nf6 5. Bf3 Bf5 6. Ne2 e6 7. Ng3 Bg6 8. O-O
Bd6 9. c4 O-O 10. Nc3 Nbd7 11. a3 Re8 12. Re1 a5 13. b3 Rb8 14. Ra2 h5 15. Bg5
Qc7 16. c5 Bf4 17. Bh4 Bh7 18. Bxf6 Nxf6 19. Bxh5 Nxh5 20. Qxh5 Rbd8 21. Nce2
Rd5 22. Qg4 Bh6 23. Ne4 Bxe4 24. Qxe4 Red8 25. f4 g6 26. Rc2 Bg7 27. Rc4 b5 28.
cxb6 Qxb6 29. Qc2 R8d6 30. g3 Bxd4+ 31. Nxd4 Rxd4 32. Rxd4 Rxd4 33. Kg2 Qb5 34.
Re5 Qb6 35. Rc5 Qd8 36. Kh3 Rd2 37. Qe4 Qf6 38. Rxc6 Qh8+ {White resigns} 0-1

[Event "Team 45 45 League T37"]
[Site "Internet Chess Club"]
[Date "2008.05.31"]
[Round "6"]
[White "VanillaQueen"]
[Black "political"]
[Result "1/2-1/2"]
[WhiteElo "1861"]
[BlackElo "1766"]
[Opening "Dunst (Sleipner,Heinrichsen) opening"]
[ECO "A00"]
[Time "07:58:56"]
[TimeControl "2700+45"]

1. Nc3 e5 2. d4 exd4 3. Qxd4 Nc6 4. Qa4 Nf6 5. Bg5 Be7 6. Nf3 a6 7. e3 d6 8. Bd3
Bd7 9. Bxf6 Bxf6 10. Qe4+ Qe7 11. Nd5 Qxe4 12. Nxf6+ gxf6 13. Bxe4 f5 14. Bd5
Be6 15. O-O-O Rg8 16. g3 O-O-O 17. Bxc6 bxc6 18. Nd4 c5 19. Ne2 Kd7 20. Nf4 Rb8
21. Rd3 Rb6 22. Rhd1 Rgb8 23. b3 a5 24. Rc3 Ke7 25. a4 Rb4 26. h4 R8b7 27. f3 c4
28. Nd5+ Bxd5 29. Rxd5 c5 30. Rxc4 Rxc4 31. bxc4 Ke6 32. c3 Rb3 33. Kc2 Ra3 34.
Kb2 Rxa4 35. Rd1 Rxc4 36. Kb3 d5 37. Ra1 a4+ 38. Rxa4 Rxa4 39. Kxa4 Ke5 40. Kb3
h5 41. Kc2 c4 42. Kd2 Kf6 43. Ke2 Ke6 44. Ke1 Kd6 45. Kd2 Ke6 {Game drawn by
mutual agreement} 1/2-1/2

[Event "Team 45 45 League T37"]
[Site "Internet Chess Club"]
[Date "2008.06.01"]
[Round "6"]
[White "powerchess1"]
[Black "crankn8tr"]
[Result "1/2-1/2"]
[WhiteElo "1720"]
[BlackElo "1670"]
[Opening "Old Benoni defense"]
[ECO "A46"]
[Time "11:08:15"]
[TimeControl "2700+45"]

1. d4 Nf6 2. Nf3 c5 3. d5 d6 4. c4 g6 5. Nc3 Bg7 6. e4 O-O 7. h3 Re8 8. Be2 e5
9. Qc2 a6 10. a4 Nbd7 11. O-O Rb8 12. Ne1 Nb6 13. a5 Na8 14. Bg5 h6 15. Bd2 Bd7
16. Nd3 Nc7 17. b4 cxb4 18. Nxb4 b6 19. axb6 Rxb6 20. Na4 Bxa4 21. Qxa4 Nxe4 22.
Nc6 Rxc6 23. Ba5 Nc5 24. Qxc6 Re7 25. Rab1 Qd7 26. Qxc7 Qxc7 27. Bxc7 Rxc7 28.
Rb6 Rd7 29. Rfb1 e4 30. Rc6 Kf8 31. Rbb6 Ke7 32. Rc8 Ra7 33. Rbb8 Bd4 34. Re8+
Kf6 35. Rbd8 a5 36. Rxd6+ Kg7 37. Rdd8 a4 38. Bd1 a3 39. Ra8 Rxa8 40. Rxa8 Bb2
41. d6 Kf6 42. Bb3 Ke6 43. Ba2 Kxd6 44. Kf1 Ke5 45. Ke2 Kd4 46. Rc8 Na4 47. Rd8+
Kc5 48. Ke3 f6 49. Rc8+ Kb4 50. Rb8+ Kc5 51. Rc8+ Kb4 52. Rb8+ Kc5 53. Rb5+ Kc6
54. Ra5 Nc3 55. Bb3 Kb6 56. Ra8 Kb7 57. Ra5 {Game drawn by mutual agreement}
1/2-1/2

[Event "Team 45 45 League T37"]
[Site "Internet Chess Club"]
[Date "2008.05.31"]
[Round "6"]
[White "viking99"]
[Black "jazzpiano"]
[Result "1-0"]
[WhiteElo "1821"]
[BlackElo "1818"]
[Opening "Scandinavian defense"]
[ECO "B01"]
[Time "15:06:06"]
[TimeControl "2700+45"]

1. e4 d5 2. exd5 Nf6 3. d4 Bg4 4. Nf3 Qxd5 5. Be2 Nc6 6. c4 Qf5 7. O-O O-O-O 8.
Be3 e5 9. d5 Nb4 10. Na3 e4 11. Nd4 Bxe2 12. Nxe2 Kb8 13. Bxa7+ Kxa7 14. Nb5+
Kb8 15. Qa4 Na6 16. Ned4 Qd7 17. b4 Bxb4 18. Rab1 Bc5 19. Nc6+ bxc6 20. Nd6+ Bb6
21. Qxa6 Qxd6 22. a4 Qd7 23. c5 Qc8 24. Qe2 Ka7 25. cxb6+ cxb6 26. dxc6 Qxc6 27.
Rfc1 Qd7 28. a5 Rb8 29. Qe3 Qd8 30. axb6+ Rxb6 31. Rxb6 Qxb6 32. Rc7+ Ka6 33.
Qa3+ Kb5 34. Qb3+ Ka6 35. Qa4+ Qa5 36. Rc6+ Kb7 37. Qxa5 Kxc6 38. Qa2 Rd8 39.
Kf1 e3 40. fxe3 Ne4 41. Qc4+ Nc5 42. Qxf7 Rd7 43. Qe8 g6 44. Ke2 Kd6 45. Qb8+
Rc7 46. Qb6+ Rc6 47. Qd8+ Nd7 48. Qh8 Rc2+ 49. Kf3 Ne5+ 50. Kg3 Re2 51. Qd8+ Nd7
52. Kf3 Rb2 53. h4 Rb8 54. Qa5 Rf8+ 55. Kg3 Rf5 56. Qb4+ Nc5 57. Qd4+ Rd5 58.
Qf6+ Ne6 59. Qh8 Re5 60. Qxh7 Rxe3+ 61. Kf2 Re4 62. g3 Nf8 63. Qf7 Re5 64. Qxf8+
{Black resigns} 1-0

[Event "Team 45 45 League T37"]
[Site "Internet Chess Club"]
[Date "2008.05.30"]
[Round "6"]
[White "MaunaKeaMike"]
[Black "cityprosecutor"]
[Result "1/2-1/2"]
[WhiteElo "1817"]
[BlackElo "1782"]
[Opening "Réti opening"]
[ECO "A04"]
[Time "21:56:22"]
[TimeControl "2700+45"]

1. Nf3 c5 2. g3 g6 3. Bg2 Bg7 4. d3 Nc6 5. Nbd2 b5 6. O-O Bb7 7. e4 Qc7 8. a4 a6
9. Nb3 d6 10. axb5 axb5 11. Rxa8+ Bxa8 12. Bf4 Bxb2 13. Nxc5 e5 14. Qb1 Ba3 15.
Na6 Qa5 16. Bd2 Qxa6 17. Qb3 Bc5 18. Ng5 Qb7 19. Ra1 Nh6 20. Ne6 fxe6 21. Qxe6+
Ne7 22. Bxh6 Qc6 23. Bh3 Bb7 24. Qf6 Rg8 25. Be6 d5 26. Bf7+ Kd8 27. Qxc6 Bxc6
28. exd5 Bb7 29. Bxg8 Nxg8 30. Bg5+ Kc7 31. c4 Bd4 32. Rc1 b4 33. Bd2 b3 34. Kf1
Nf6 35. f4 e4 36. Ke2 b2 37. Rb1 Bc8 38. Ba5+ Kd6 39. Bb4+ Kc7 40. Ba3 exd3+ 41.
Kd2 Ne4+ 42. Kxd3 Nc3 43. Rxb2 Bf6 44. Rg2 Bf5+ 45. Ke3 h5 46. Bb4 Nd1+ 47. Kd2
Nb2 48. c5 Nc4+ 49. Ke1 Ne3 50. Ba5+ Kc8 51. Rd2 Nc4 52. Bb4 Nxd2 53. Kxd2 Be4
54. d6 Kd7 55. Bc3 Bxc3+ 56. Kxc3 Kc6 57. Kd4 Bf5 58. Kc4 Bd7 59. Kd4 Bf5 60.
Kc4 {Game drawn by mutual agreement} 1/2-1/2

[Event "Team 45 45 League T37"]
[Site "Internet Chess Club"]
[Date "2008.06.02"]
[Round "6"]
[White "AlPearson"]
[Black "OldBoy"]
[Result "1-0"]
[WhiteElo "1442"]
[BlackElo "1436"]
[Opening "English: four knights, kingside fianchetto"]
[ECO "A29"]
[Time "13:31:24"]
[TimeControl "2700+45"]

1. c4 e5 2. Nc3 Nf6 3. Nf3 Nc6 4. g3 Bc5 5. Bg2 d6 6. O-O Be6 7. b3 a6 8. Bb2
Qd7 9. e3 O-O-O 10. d4 exd4 11. exd4 Nxd4 12. Nxd4 Bg4 13. Nf3 h5 14. Nd5 Ne4
15. Bxg7 Nxf2 16. Rxf2 Rhg8 17. Nf6 Bxf2+ 18. Kxf2 Qf5 19. Nxg8 Rxg8 20. Bh6 Rg6
21. Bf4 h4 22. Qd5 hxg3+ 23. hxg3 Qxd5 24. cxd5 Bf5 25. Re1 Kd7 26. b4 Bd3 27.
Nd2 c6 28. dxc6+ bxc6 29. Be4 Bxe4 30. Rxe4 Re6 31. Rxe6 Kxe6 32. Ke3 Kd5 33.
Kd3 c5 34. a3 {Black resigns} 1-0

[Event "Team 45 45 League T37"]
[Site "Internet Chess Club"]
[Date "2008.06.02"]
[Round "6"]
[White "Invicta-Knight"]
[Black "Zyme"]
[Result "1-0"]
[WhiteElo "1481"]
[BlackElo "1358"]
[Opening "French: advance, Euwe variation"]
[ECO "C02"]
[Time "15:32:48"]
[TimeControl "2700+45"]

1. e4 e6 2. d4 d5 3. e5 c5 4. c3 Nc6 5. Nf3 Bd7 6. Bd3 Qb6 7. Bc2 Nge7 8. a3 Ng6
9. O-O Be7 10. b4 cxd4 11. cxd4 f6 12. Bxg6+ hxg6 13. Be3 O-O-O 14. Nc3 Kb8 15.
Na4 Qb5 16. Nc3 Qb6 17. Qd3 Rc8 18. Na4 Qd8 19. Qxg6 Nxe5 20. Nxe5 fxe5 21. Nc5
exd4 22. Bxd4 Bd6 23. g3 Qe7 24. Nxd7+ Qxd7 25. Rfe1 Rce8 26. Qxg7 Qxg7 27. Bxg7
Rhg8 28. Be5 Bxe5 29. Rxe5 Rg6 30. Rae1 Kc7 31. Rxd5 exd5 32. Rxe8 d4 33. Kf1
Kd6 34. Ke2 Kd5 35. Kd3 Rc6 36. Rd8+ Ke5 37. Rxd4 Rc1 38. Rc4 Ra1 39. Rc3 Kf5
40. h3 Ra2 41. f4 Rh2 42. Rc5+ Ke6 43. h4 Rh3 44. Rg5 Kf6 45. Ke4 Rh1 46. h5
Re1+ 47. Kd5 Ra1 48. g4 Rxa3 49. h6 Rh3 50. Rg7 Rxh6 51. g5+ Kxg7 52. gxh6+ Kxh6
53. Ke6 Kg6 54. f5+ Kg7 55. Ke7 b6 56. f6+ Kg8 57. f7+ Kh7 58. f8=Q a5 59. Kf6
axb4 60. Qg7# {Black checkmated} 1-0

[Event "Team 45 45 League T37"]
[Site "Internet Chess Club"]
[Date "2008.05.31"]
[Round "6"]
[White "SCUGrad"]
[Black "Hastings"]
[Result "1-0"]
[WhiteElo "1360"]
[BlackElo "1325"]
[Opening "Ruy Lopez: old Steinitz defense"]
[ECO "C62"]
[Time "09:42:03"]
[TimeControl "2700+45"]

1. e4 e5 2. Nf3 Nc6 3. Bb5 d6 4. d4 exd4 5. Nxd4 Bd7 6. O-O Be7 7. c4 Nf6 8. Nc3
O-O 9. Re1 Re8 10. Bg5 Nxd4 11. Qxd4 Ng4 12. Bxe7 Rxe7 13. Nd5 Re8 14. Bxd7 Qxd7
15. Rad1 Ne5 16. f4 Nc6 17. Qc3 b6 18. Qg3 Qd8 19. f5 f6 20. Qg4 Ne5 21. Qh4 c6
22. Nf4 b5 23. cxb5 cxb5 24. Rd5 a6 25. Ne6 Qb6+ 26. Qf2 Qc6 27. h3 Nf7 28. Qg3
Rxe6 29. fxe6 Ng5 30. Qxd6 Qxd6 31. Rxd6 a5 32. e7 Kf7 33. Rd8 Rxd8 34. exd8=Q
{Black resigns} 1-0

[Event "Team 45 45 League T37"]
[Site "Internet Chess Club"]
[Date "2008.06.02"]
[Round "6"]
[White "JimGaming"]
[Black "havertown"]
[Result "1/2-1/2"]
[WhiteElo "1230"]
[BlackElo "1278"]
[Opening "Scotch opening"]
[ECO "C44"]
[Time "16:55:00"]
[TimeControl "2700+45"]

1. e4 e5 2. Nf3 Nc6 3. d4 d6 4. Bb5 Bd7 5. d5 Nd4 6. Bxd7+ Qxd7 7. Nxd4 exd4 8.
Qxd4 c5 9. Qd3 Nf6 10. c4 Qg4 11. Qf3 Qg6 12. Nc3 Be7 13. O-O Nd7 14. Bf4 Bg5
15. Bxg5 Qxg5 16. Qe2 O-O 17. f4 Qf6 18. e5 dxe5 19. fxe5 Qxe5 20. Qxe5 Nxe5 21.
b3 Nd3 22. Rad1 Ne5 23. Nb5 Ng4 24. Rf3 a6 25. Nd6 Ne5 26. Rf4 Ng6 27. Re4 f5
28. Re6 {Game drawn by mutual agreement} 1/2-1/2

[Event "Team 45 45 League T37"]
[Site "Internet Chess Club"]
[Date "2008.06.02"]
[Round "6"]
[White "malihini"]
[Black "Hunter"]
[Result "0-1"]
[WhiteElo "1270"]
[BlackElo "1085"]
[Opening "Two knights defense"]
[ECO "C59"]
[Time "16:42:42"]
[TimeControl "2700+45"]

1. e4 e5 2. Nf3 Nc6 3. Bc4 Nf6 4. Ng5 d5 5. exd5 Na5 6. Bb5+ c6 7. dxc6 bxc6 8.
Be2 h6 9. Nf3 e4 10. Ne5 Bd6 11. Nc4 Nxc4 12. Bxc4 O-O 13. Nc3 Bg4 14. Be2 Bxe2
15. Nxe2 Ng4 16. Ng3 Qh4 17. Nxe4 Rfe8 18. g3 Rxe4+ 19. Kf1 Qh3+ 20. Kg1 Rae8
{White resigns} 0-1

[Event "Team 45 45 League T37"]
[Site "Internet Chess Club"]
[Date "2008.06.01"]
[Round "6"]
[White "lw"]
[Black "parrot9"]
[Result "0-1"]
[WhiteElo "1568"]
[BlackElo "1712"]
[Opening "Sicilian: Tartakower variation"]
[ECO "B53"]
[Time "14:00:43"]
[TimeControl "2700+45"]

1. e4 c5 2. Nf3 d6 3. d4 cxd4 4. c3 Nf6 5. e5 dxe5 6. Nxe5 e6 7. Bb5+ Nbd7 8.
O-O a6 9. Qa4 axb5 10. Qxa8 Nxe5 11. cxd4 Nc6 12. Be3 Nd5 13. Rc1 Nb6 {White
resigns} 0-1

[Event "Team 45 45 League T37"]
[Site "Internet Chess Club"]
[Date "2008.05.31"]
[Round "6"]
[White "nozmov"]
[Black "civilization"]
[Result "0-1"]
[WhiteElo "1395"]
[BlackElo "1564"]
[Opening "Grünfeld: Smyslov defense"]
[ECO "D11"]
[Time "13:06:53"]
[TimeControl "2700+45"]

1. d4 Nf6 2. Nf3 d5 3. e3 c6 4. c4 g6 5. Nc3 Bg7 6. Bd3 O-O 7. O-O Bg4 8. cxd5
Nxd5 9. h3 Bxf3 10. Qxf3 e6 11. Nxd5 Qxd5 12. Qxd5 exd5 13. Bd2 Nd7 14. Rac1
Rac8 15. Bb4 Rfe8 16. Rc2 Nf6 17. Re1 Ne4 18. f3 Nf6 19. Rce2 Re6 20. Bc3 Nd7
21. e4 Rce8 22. Kf2 Nb6 23. exd5 Rxe2+ 24. Rxe2 Rxe2+ 25. Kxe2 Nxd5 26. g3 Nxc3+
27. bxc3 Kf8 28. a4 Ke7 29. Ke3 c5 30. Ke4 Kd6 31. dxc5+ Kxc5 32. g4 Bxc3 33. f4
f6 34. h4 h6 35. Bb5 g5 36. hxg5 hxg5 37. fxg5 fxg5 38. Kf5 Bd2 39. Be8 a6 40.
Ke6 b5 41. axb5 axb5 42. Bxb5 Kxb5 43. Kd5 Kb4 44. Kd4 Bf4 45. Kd3 Kb3 46. Ke2
Kc2 47. Kf2 Kd2 48. Kg2 Ke2 49. Kh3 Be3 50. Kg2 Bf2 51. Kh2 Kf3 52. Kh3 Bh4
{White resigns} 0-1

[Event "Team 45 45 League T37 u"]
[Site "Internet Chess Club"]
[Date "2008.06.03"]
[Round "6"]
[White "Invicta-Knight"]
[Black "nathesh"]
[Result "1-0"]
[WhiteElo "1481"]
[BlackElo "1457"]
[Opening "Center game: Paulsen attack"]
[ECO "C22"]
[Time "15:12:32"]
[TimeControl "2700+45"]

1. e4 e5 2. d4 exd4 3. Qxd4 Nc6 4. Qe3 d6 5. Nc3 Nf6 6. Bd2 Be7 7. O-O-O O-O 8.
f4 Ng4 9. Qe1 Be6 10. h3 Nf6 11. f5 Bd7 12. Nf3 Ne5 13. Nxe5 dxe5 14. Qg3 Nh5
15. Qxe5 Bd6 16. Qd4 Qe7 17. Nd5 Qh4 18. Be1 Qg5+ 19. Bd2 Qh4 20. Be1 Qg5+ 21.
Kb1 Rfe8 22. Bd2 Qd8 23. Bd3 c5 24. Qe3 Bc6 25. Qg5 Qxg5 26. Bxg5 h6 27. Bh4
Bxd5 28. exd5 Nf4 29. g4 Nxd5 30. Bb5 Nc7 31. Bxe8 Nxe8 32. Rhe1 Bf4 33. Rd7 b6
34. Ree7 Nd6 35. Rxa7 Rd8 36. Red7 Re8 37. Rd8 Rxd8 38. Bxd8 b5 39. Bc7 Be5 40.
Bxd6 Bxd6 41. a4 b4 42. a5 c4 43. a6 c3 44. b3 Kf8 45. Rd7 Bc5 46. a7 {Black
resigns} 1-0

[Event "Team 45 45 League T37"]
[Site "Internet Chess Club"]
[Date "2008.06.01"]
[Round "6"]
[White "chesskix"]
[Black "jazzyrick"]
[Result "1-0"]
[WhiteElo "1595"]
[BlackElo "1561"]
[Opening "Réti: Nimzovich-Larsen attack"]
[ECO "A06"]
[Time "18:02:19"]
[TimeControl "2700+45"]

1. Nf3 d5 2. b3 c5 3. c4 d4 4. Bb2 Nc6 5. g3 g6 6. Bg2 Bg7 7. O-O e5 8. d3 Nge7
9. e4 Bg4 10. h3 Bxf3 11. Qxf3 O-O 12. Na3 f5 13. Rad1 Nb4 14. exf5 Nec6 15. Qe2
Rxf5 16. Bc1 Qe7 17. Nb1 Re8 18. Be4 Rf7 19. a3 Na6 20. Bd5 Nc7 21. Bxf7+ Qxf7
22. Qe4 Kh8 23. h4 Rf8 24. Nd2 Ne8 25. Qg2 Qd7 26. Ne4 Nf6 27. Nxc5 Qe7 28. b4
Nd8 29. Bg5 {Black resigns} 1-0

[Event "Team 45 45 League T37"]
[Site "Internet Chess Club"]
[Date "2008.05.31"]
[Round "6"]
[White "rivits"]
[Black "curtintime"]
[Result "1-0"]
[WhiteElo "1485"]
[BlackElo "1349"]
[Opening "Budapest defense declined"]
[ECO "A51"]
[Time "17:00:11"]
[TimeControl "2700+45"]

1. d4 Nf6 2. c4 e5 3. e3 exd4 4. exd4 Bb4+ 5. Bd2 Qe7+ 6. Qe2 Bxd2+ 7. Nxd2
Qxe2+ 8. Bxe2 O-O 9. Bf3 Re8+ 10. Ne2 Nc6 11. O-O d6 12. Rfe1 Bf5 13. a3 Rab8
14. b4 Ne7 15. Ng3 Bg6 16. Nb3 d5 17. c5 c6 18. Re3 Nf5 19. Nxf5 Rxe3 20. fxe3
Bxf5 21. Re1 Re8 22. h3 Be4 23. Nd2 Bxf3 24. gxf3 Nh5 25. Kg2 Nf4+ 26. Kg3 Nh5+
27. Kf2 f5 28. Nf1 g5 29. Ng3 Nxg3 30. Kxg3 f4+ 31. Kf2 Kf7 32. e4 Kg6 33. e5
Re6 34. Rg1 Kf5 35. Rh1 Rh6 36. Kg2 Re6 37. h4 Rh6 38. hxg5 Rxh1 39. Kxh1 Kxg5
40. Kg2 Kh4 41. e6 {Black resigns} 1-0

[Event "Team 45 45 League T37"]
[Site "Internet Chess Club"]
[Date "2008.05.31"]
[Round "6"]
[White "MrShaw"]
[Black "alexcluster"]
[Result "1-0"]
[WhiteElo "1909"]
[BlackElo "1680"]
[Opening "Sicilian: Najdorf variation"]
[ECO "B98"]
[Time "12:08:08"]
[TimeControl "2700+45"]

1. e4 c5 2. Nf3 d6 3. d4 cxd4 4. Nxd4 Nf6 5. Nc3 a6 6. Bg5 e6 7. f4 Be7 8. Qf3
Qc7 9. O-O-O O-O 10. g4 b5 11. a3 Bb7 12. Bd3 Nbd7 13. Qg3 Nc5 14. Rhe1 Nxd3+
15. Rxd3 Rac8 16. Kb1 Rfe8 17. f5 e5 18. Bxf6 exd4 19. Bxd4 f6 20. h4 h6 21. Qf2
Qc4 22. b3 Qf7 23. Be3 Rc6 24. Nd5 Rec8 25. Re2 Bf8 26. g5 fxg5 27. hxg5 hxg5
28. Qg3 a5 29. Rh2 Ra6 30. Qh3 Qd7 31. Qh7+ Kf7 32. Qg6+ Kg8 33. Nf6# {Black
checkmated} 1-0

[Event "Team 45 45 League T37"]
[Site "Internet Chess Club"]
[Date "2008.06.01"]
[Round "6"]
[White "b-spot"]
[Black "egd01"]
[Result "1/2-1/2"]
[WhiteElo "1757"]
[BlackElo "1547"]
[Opening "Nimzo-Indian: classical, 4...c5"]
[ECO "E38"]
[Time "14:12:21"]
[TimeControl "2700+45"]

1. d4 Nf6 2. c4 e6 3. Nc3 Bb4 4. Qc2 c5 5. dxc5 Bxc5 6. Nf3 Nc6 7. Bg5 Nd4 8.
Nxd4 Bxd4 9. e3 Bc5 10. Bd3 h6 11. Bh4 g5 12. Bg3 Nh5 13. Be5 Rg8 14. O-O d6 15.
Bd4 f5 16. Be2 Nf6 17. Bxc5 dxc5 18. Rad1 Qe7 19. Rd2 Bd7 20. Rfd1 O-O-O 21. Qb3
Bc6 22. Rxd8+ Rxd8 23. Rxd8+ Qxd8 24. Qd1 Qxd1+ 25. Bxd1 Ne4 26. Nb1 Kc7 27. Bh5
Kd6 28. f3 Nf6 29. Bg6 Be8 30. Bxe8 Nxe8 31. Kf2 Nf6 32. Nc3 a6 33. h3 Nd7 34.
g4 Ne5 35. b3 f4 36. exf4 Nd3+ 37. Ke3 Nxf4 38. Ne4+ Kc6 39. Nf2 b5 40. h4 Ng2+
41. Ke4 Nxh4 42. Ke5 Kd7 43. Ke4 Ke7 44. Nd3 Kd6 45. Ne5 Ke7 46. Nd3 Kd6 47. Ne5
Ke7 48. Nd3 {Game drawn by repetition} 1/2-1/2

[Event "Team 45 45 League T37"]
[Site "Internet Chess Club"]
[Date "2008.06.01"]
[Round "6"]
[White "arriero55"]
[Black "mickeys"]
[Result "0-1"]
[WhiteElo "1445"]
[BlackElo "1811"]
[Opening "French: advance variation"]
[ECO "C02"]
[Time "14:00:50"]
[TimeControl "2700+45"]

1. e4 e6 2. d4 d5 3. e5 c5 4. c3 Qb6 5. a3 Nc6 6. Nf3 Bd7 7. Be2 Nge7 8. b4 cxd4
9. cxd4 Nf5 10. Nc3 Nfxd4 11. Nxd4 Qxd4 12. Qxd4 Nxd4 13. Bd3 Nb3 14. Rb1 Nxc1
15. Rxc1 a6 16. Ke2 Be7 17. Nb1 Bc6 18. Nd2 f6 19. f4 fxe5 20. Nf3 e4 {White
resigns} 0-1

[Event "Team 45 45 League T37"]
[Site "Internet Chess Club"]
[Date "2008.06.01"]
[Round "6"]
[White "miltools"]
[Black "cer7"]
[Result "0-1"]
[WhiteElo "1923"]
[BlackElo "1953"]
[Opening "QGD semi-Slav"]
[ECO "D43"]
[Time "12:17:15"]
[TimeControl "2700+45"]

1. d4 d5 2. c4 e6 3. Nf3 c6 4. Nc3 Nf6 5. Bg5 h6 6. Bxf6 Qxf6 7. e3 Bd6 8. Be2
Nd7 9. cxd5 exd5 10. O-O O-O 11. e4 dxe4 12. Nxe4 Qe7 13. Nxd6 Qxd6 14. Qd2 Nf6
15. Rad1 Bf5 16. Ne5 Rad8 17. Qf4 Bh7 18. Bc4 Nd5 19. Qf3 Qb4 20. Bb3 Nf6 21.
Rfe1 Rxd4 22. Nxf7 Nd5 23. Nxh6+ gxh6 24. Qg3+ Rg4 25. Qe5 Qf4 26. Qe6+ Kh8 27.
f3 Rxg2+ 28. Kxg2 Qxf3+ 29. Kg1 Rg8+ 30. Qxg8+ Bxg8 31. Re8 Kg7 32. Rde1 Bf7 33.
R8e5 Nf4 {White resigns} 0-1

[Event "Team 45 45 League T37"]
[Site "Internet Chess Club"]
[Date "2008.06.03"]
[Round "6"]
[White "lafuga3"]
[Black "Razorbackchess"]
[Result "1-0"]
[WhiteElo "1581"]
[BlackElo "1768"]
[Opening "King's Indian: Sämisch, 6...Nc6"]
[ECO "E83"]
[Time "16:31:24"]
[TimeControl "2700+45"]

1. d4 Nf6 2. c4 g6 3. Nc3 Bg7 4. e4 d6 5. f3 O-O 6. Be3 Nc6 7. Qd2 a6 8. O-O-O
Rb8 9. g4 e5 10. d5 Nd4 11. Nce2 Nxe2+ 12. Nxe2 b5 13. c5 Bxg4 14. fxg4 Nxg4 15.
Kb1 Nxe3 16. Qxe3 f5 17. exf5 gxf5 18. Bh3 Qh4 19. Rhg1 Kh8 20. cxd6 cxd6 21.
Qa7 Qf6 22. Ng3 e4 23. Rg2 Ra8 24. Qf2 e3 25. Qf3 f4 26. Nh5 Qe5 27. Nxg7 {Black
resigns} 1-0